[ AOE2 MATCH · #463164033 ]
Team RMSpanish vs Persians
[ REPLAY ANALYSIS · EXTRACTED FROM THE RECORDED GAME ]
Feudal
12:34
Castle
16:48
Imperial
39:47
| APM avg | 17.6 |
| APM peak | 36 |
| eAPM avg | 13.0 |
| Villagers / military | 108 / 470 |
Focus
⚔️ 37.1% · 🌾 62.9%
Skirmisher ×190 · Spearman ×190 · Knight ×61 · Missionary ×13 · Trebuchet (Packed) ×12 · Conquistador ×3
Feudal
11:29
Castle
22:30
Imperial
35:25
| APM avg | 33.1 |
| APM peak | 61 |
| eAPM avg | 18.5 |
| Villagers / military | 216 / 341 |
Focus
⚔️ 41.3% · 🌾 58.7%
Scout Cavalry ×170 · Cavalry Archer ×119 · Knight ×24 · Battering Ram ×12 · Trebuchet (Packed) ×11 · Scorpion ×3
Feudal
11:05
Castle
19:03
Imperial
38:59
| APM avg | 28.3 |
| APM peak | 95 |
| eAPM avg | 14.3 |
| Villagers / military | 116 / 523 |
Focus
⚔️ 36.1% · 🌾 63.9%
Spearman ×252 · Skirmisher ×122 · Hand Cannoneer ×62 · Camel Scout ×53 · Monk ×14 · Ghulam ×8
Feudal
12:11
Castle
22:13
Imperial
32:18
| APM avg | 25.3 |
| APM peak | 45 |
| eAPM avg | 17.5 |
| Villagers / military | 207 / 173 |
Focus
⚔️ 32.5% · 🌾 67.5%
War Elephant ×159 · Scout Cavalry ×9 · Trebuchet (Packed) ×3 · Monk ×2
Match map
Initial resources + every placement click. Lines = walls · curves = elevation contours. ◆ gold · ⬟ stone · ● berries · ✦ relic · ◌ wall gap
Your base· ✓ Closed at 16:48 · 27t walls · 2 gate(s)
GdR_TARABS's base· Open — unwalled flank
WarLorD's base· ✓ Closed at 19:03 · 54t walls · no gate
C3O2's base· Open — unwalled flank
Smoothed initial terrain · ◌ = detected wall gap · hover for details
Inputs per minute
— HeisenbergSam - - GdR_TARABS
Build order — HeisenbergSam
First 150 of 497 actions detected
| 0:02 | Research | Loom |
| 0:03 | Create | Villager (Male) |
| 0:03 | Create | Villager (Male) |
| 0:03 | Create | Villager (Male) |
| 0:13 | Build | House |
| 0:44 | Create | Villager (Male) |
| 0:44 | Create | Villager (Male) |
| 1:29 | Create | Villager (Male) |
| 1:54 | Build | House |
| 2:04 | Build | House |
| 2:22 | Create | Villager (Male) |
| 2:53 | Build | House |
| 2:57 | Create | Villager (Male) |
| 2:58 | Create | Villager (Male) |
| 3:24 | Build | Palisade Gate |
| 3:33 | Create | Villager (Male) |
| 4:02 | Build | House |
| 4:08 | Build | House |
| 4:10 | Build | House |
| 4:13 | Create | Villager (Male) |
| 4:13 | Create | Villager (Male) |
| 4:14 | Create | Villager (Male) |
| 4:59 | Create | Villager (Male) |
| 5:24 | Build | House |
| 5:38 | Create | Villager (Male) |
| 6:01 | Build | House |
| 6:12 | Create | Villager (Male) |
| 6:17 | Create | Villager (Male) |
| 6:36 | Create | Villager (Male) |
| 7:02 | Build | Barracks |
| 7:08 | Build | Palisade Wall |
| 7:24 | Create | Villager (Male) |
| 8:04 | Create | Villager (Male) |
| 8:04 | Create | Villager (Male) |
| 8:05 | Create | Villager (Male) |
| 8:19 | Build | Mill |
| 8:57 | Build | Lumber Camp |
| 9:01 | Create | Villager (Male) |
| 10:15 | Build | Mining Camp |
| 10:24 | Research | Feudal Age |
| 12:34 | Create | Villager (Male) |
| 12:34 | Age | Feudal Age |
| 12:34 | Create | Villager (Male) |
| 12:40 | Build | Archery Range |
| 13:25 | Build | Blacksmith |
| 13:49 | Build | Stone Wall |
| 14:08 | Research | Castle Age |
| 14:18 | Create | Skirmisher |
| 14:18 | Create | Skirmisher |
| 14:28 | Build | Gate |
| 14:35 | Build | Stone Wall |
| 14:51 | Build | Stone Wall |
| 14:59 | Build | Stone Wall |
| 15:13 | Build | Mining Camp |
| 15:21 | Create | Skirmisher |
| 16:48 | Age | Castle Age |
| 17:02 | Build | Farm |
| 17:02 | Build | Farm |
| 17:04 | Build | Farm |
| 17:05 | Build | Farm |
| 17:06 | Build | Farm |
| 17:09 | Build | Farm |
| 17:12 | Create | Villager (Male) |
| 17:12 | Create | Villager (Male) |
| 17:13 | Create | Villager (Male) |
| 17:56 | Create | Spearman |
| 17:56 | Create | Spearman |
| 17:57 | Create | Spearman |
| 18:10 | Build | Barracks |
| 18:27 | Create | Villager (Male) |
| 18:31 | Build | Farm |
| 18:45 | Build | Farm |
| 19:10 | Research | Squires |
| 19:12 | Research | Pikeman (upgrade) |
| 19:18 | Create | Spearman |
| 19:18 | Create | Spearman |
| 19:30 | Build | Farm |
| 19:31 | Build | Farm |
| 19:34 | Create | Villager (Male) |
| 20:17 | Create | Spearman |
| 20:18 | Create | Spearman |
| 20:45 | Create | Villager (Male) |
| 20:45 | Create | Villager (Male) |
| 20:45 | Create | Villager (Male) |
| 21:43 | Build | Town Center |
| 21:51 | Research | Forging |
| 22:02 | Build | Farm |
| 22:03 | Build | Farm |
| 22:06 | Create | Villager (Male) |
| 22:15 | Build | House |
| 22:18 | Build | House |
| 22:35 | Create | Villager (Male) |
| 22:35 | Create | Villager (Male) |
| 22:47 | Build | Farm |
| 22:48 | Build | Farm |
| 22:49 | Build | Farm |
| 22:55 | Research | Double-Bit Axe |
| 23:18 | Build | House |
| 23:19 | Create | Villager (Male) |
| 23:32 | Build | Farm |
| 23:33 | Build | Farm |
| 23:34 | Build | Farm |
| 23:37 | Create | Villager (Male) |
| 23:39 | Create | Villager (Male) |
| 23:53 | Create | Spearman |
| 23:57 | Create | Spearman |
| 24:11 | Create | Spearman |
| 24:14 | Create | Spearman |
| 24:40 | Create | Villager (Male) |
| 24:43 | Create | Villager (Male) |
| 24:48 | Build | House |
| 24:50 | Build | House |
| 24:56 | Research | Horse Collar |
| 25:00 | Create | Spearman |
| 25:04 | Create | Spearman |
| 25:11 | Create | Villager (Male) |
| 25:32 | Build | Town Center |
| 25:47 | Create | Spearman |
| 25:47 | Create | Spearman |
| 26:25 | Build | House |
| 26:26 | Build | House |
| 26:30 | Create | Villager (Male) |
| 26:31 | Create | Villager (Male) |
| 26:32 | Create | Villager (Male) |
| 26:32 | Create | Villager (Male) |
| 27:20 | Build | Castle |
| 27:44 | Build | Monastery |
| 27:45 | Create | Villager (Male) |
| 27:47 | Create | Villager (Male) |
| 27:47 | Create | Villager (Male) |
| 27:48 | Create | Villager (Male) |
| 27:48 | Create | Villager (Male) |
| 27:50 | Create | Villager (Male) |
| 27:51 | Create | Villager (Male) |
| 28:31 | Create | Villager (Male) |
| 28:32 | Create | Villager (Male) |
| 28:32 | Create | Villager (Male) |
| 28:36 | Build | Farm |
| 28:37 | Build | Farm |
| 28:38 | Build | Farm |
| 28:39 | Build | Farm |
| 28:40 | Build | Farm |
| 28:44 | Build | House |
| 28:46 | Create | Monk |
| 29:26 | Research | Scale Mail Armor |
| 29:27 | Research | Iron Casting |
| 29:48 | Build | University |
| 29:49 | Create | Villager (Male) |
| 29:50 | Create | Villager (Male) |
| 29:51 | Create | Villager (Male) |
Build order — GdR_TARABS
First 150 of 657 actions detected
| 0:01 | Create | Villager (Male) |
| 0:01 | Create | Villager (Male) |
| 0:01 | Create | Villager (Male) |
| 0:01 | Create | Villager (Male) |
| 1:33 | Create | Villager (Male) |
| 1:33 | Create | Villager (Male) |
| 1:33 | Create | Villager (Male) |
| 1:52 | Create | Villager (Male) |
| 1:52 | Create | Villager (Male) |
| 1:52 | Create | Villager (Male) |
| 2:04 | Create | Villager (Male) |
| 2:04 | Create | Villager (Male) |
| 2:04 | Create | Villager (Male) |
| 2:04 | Create | Villager (Male) |
| 2:04 | Create | Villager (Male) |
| 2:40 | Build | Lumber Camp |
| 2:41 | Create | Villager (Male) |
| 2:41 | Create | Villager (Male) |
| 2:41 | Create | Villager (Male) |
| 2:41 | Create | Villager (Male) |
| 2:42 | Create | Villager (Male) |
| 2:42 | Create | Villager (Male) |
| 2:42 | Create | Villager (Male) |
| 2:42 | Create | Villager (Male) |
| 2:42 | Create | Villager (Male) |
| 2:42 | Create | Villager (Male) |
| 2:42 | Create | Villager (Male) |
| 2:42 | Create | Villager (Male) |
| 3:31 | Create | Villager (Male) |
| 3:33 | Create | Villager (Male) |
| 3:33 | Create | Villager (Male) |
| 3:33 | Create | Villager (Male) |
| 3:33 | Create | Villager (Male) |
| 3:33 | Create | Villager (Male) |
| 3:33 | Create | Villager (Male) |
| 3:33 | Create | Villager (Male) |
| 5:09 | Create | Villager (Male) |
| 5:09 | Create | Villager (Male) |
| 5:09 | Create | Villager (Male) |
| 5:11 | Create | Villager (Male) |
| 5:11 | Create | Villager (Male) |
| 5:11 | Create | Villager (Male) |
| 5:11 | Create | Villager (Male) |
| 5:24 | Create | Villager (Male) |
| 5:24 | Create | Villager (Male) |
| 5:40 | Build | Mill |
| 6:09 | Create | Villager (Male) |
| 6:09 | Create | Villager (Male) |
| 6:09 | Create | Villager (Male) |
| 6:31 | Create | Villager (Male) |
| 6:31 | Create | Villager (Male) |
| 7:10 | Create | Villager (Male) |
| 7:10 | Create | Villager (Male) |
| 7:10 | Create | Villager (Male) |
| 7:10 | Create | Villager (Male) |
| 7:10 | Create | Villager (Male) |
| 7:32 | Create | Villager (Male) |
| 7:32 | Create | Villager (Male) |
| 7:32 | Create | Villager (Male) |
| 7:44 | Create | Villager (Male) |
| 7:44 | Create | Villager (Male) |
| 8:01 | Create | Villager (Male) |
| 8:01 | Create | Villager (Male) |
| 8:01 | Create | Villager (Male) |
| 8:15 | Build | Mill |
| 8:24 | Create | Villager (Male) |
| 8:24 | Create | Villager (Male) |
| 8:54 | Research | Feudal Age |
| 9:13 | Create | Villager (Male) |
| 9:13 | Create | Villager (Male) |
| 9:44 | Create | Villager (Male) |
| 9:44 | Create | Villager (Male) |
| 9:44 | Create | Villager (Male) |
| 9:45 | Create | Villager (Male) |
| 9:45 | Create | Villager (Male) |
| 9:45 | Create | Villager (Male) |
| 10:01 | Build | Farm |
| 10:09 | Build | Farm |
| 10:22 | Build | Farm |
| 10:29 | Build | Farm |
| 10:38 | Build | Farm |
| 10:51 | Build | Barracks |
| 10:59 | Create | Villager (Male) |
| 10:59 | Create | Villager (Male) |
| 10:59 | Create | Villager (Male) |
| 11:29 | Age | Feudal Age |
| 11:36 | Build | Stable |
| 11:44 | Build | Farm |
| 11:45 | Research | Horse Collar |
| 11:51 | Research | Double-Bit Axe |
| 12:23 | Build | Market |
| 12:36 | Create | Villager (Male) |
| 12:36 | Create | Villager (Male) |
| 12:40 | Create | Scout Cavalry |
| 12:41 | Create | Scout Cavalry |
| 12:41 | Create | Scout Cavalry |
| 12:47 | Create | Villager (Male) |
| 12:47 | Create | Villager (Male) |
| 12:47 | Create | Villager (Male) |
| 12:55 | Build | Farm |
| 13:06 | Build | Farm |
| 13:17 | Build | Farm |
| 13:22 | Build | Farm |
| 13:22 | Create | Villager (Male) |
| 13:22 | Create | Villager (Male) |
| 13:22 | Create | Villager (Male) |
| 13:22 | Create | Villager (Male) |
| 13:33 | Create | Villager (Male) |
| 13:33 | Create | Villager (Male) |
| 13:37 | Build | Farm |
| 13:55 | Create | Villager (Male) |
| 13:55 | Create | Villager (Male) |
| 13:57 | Build | Farm |
| 13:58 | Build | Farm |
| 14:05 | Create | Scout Cavalry |
| 14:13 | Create | Scout Cavalry |
| 14:20 | Create | Scout Cavalry |
| 14:20 | Create | Scout Cavalry |
| 14:33 | Build | Blacksmith |
| 14:38 | Research | Bloodlines |
| 14:44 | Build | Farm |
| 14:58 | Build | Farm |
| 15:13 | Create | Scout Cavalry |
| 15:16 | Create | Villager (Male) |
| 15:17 | Create | Villager (Male) |
| 16:29 | Create | Villager (Male) |
| 16:29 | Create | Villager (Male) |
| 16:39 | Build | Farm |
| 16:41 | Build | Farm |
| 16:42 | Build | Farm |
| 16:43 | Create | Villager (Male) |
| 16:43 | Create | Villager (Male) |
| 16:46 | Create | Scout Cavalry |
| 16:46 | Create | Scout Cavalry |
| 16:47 | Create | Scout Cavalry |
| 17:15 | Build | Farm |
| 17:15 | Build | Farm |
| 17:16 | Build | Farm |
| 17:16 | Build | Farm |
| 17:16 | Build | Farm |
| 17:17 | Build | Farm |
| 17:17 | Build | Farm |
| 17:17 | Build | Farm |
| 17:17 | Build | Farm |
| 17:19 | Create | Villager (Male) |
| 17:19 | Create | Villager (Male) |
| 17:19 | Create | Villager (Male) |
| 17:19 | Create | Villager (Male) |
| 17:19 | Create | Villager (Male) |
| 17:28 | Build | Mining Camp |
Build order — WarLorD
First 150 of 507 actions detected
| 0:02 | Create | Villager (Male) |
| 0:03 | Create | Villager (Male) |
| 0:03 | Create | Villager (Male) |
| 0:05 | Build | House |
| 0:07 | Build | House |
| 0:18 | Create | Villager (Male) |
| 0:18 | Create | Villager (Male) |
| 1:13 | Create | Villager (Male) |
| 1:14 | Create | Villager (Male) |
| 1:46 | Create | Villager (Male) |
| 1:47 | Create | Villager (Male) |
| 2:09 | Create | Villager (Male) |
| 2:09 | Create | Villager (Male) |
| 2:15 | Build | Lumber Camp |
| 2:26 | Create | Villager (Male) |
| 2:58 | Create | Villager (Male) |
| 2:58 | Create | Villager (Male) |
| 3:27 | Create | Villager (Male) |
| 3:48 | Build | House |
| 4:03 | Create | Villager (Male) |
| 4:03 | Create | Villager (Male) |
| 4:26 | Create | Villager (Male) |
| 4:26 | Create | Villager (Male) |
| 5:10 | Build | Mill |
| 5:20 | Create | Villager (Male) |
| 5:20 | Create | Villager (Male) |
| 5:20 | Create | Villager (Male) |
| 5:33 | Build | House |
| 6:01 | Create | Villager (Male) |
| 6:01 | Create | Villager (Male) |
| 6:03 | Create | Villager (Male) |
| 6:03 | Create | Villager (Male) |
| 7:19 | Create | Villager (Male) |
| 7:43 | Create | Villager (Male) |
| 8:11 | Create | Villager (Male) |
| 8:47 | Build | Mining Camp |
| 8:55 | Research | Feudal Age |
| 9:17 | Build | Palisade Wall |
| 9:28 | Build | Palisade Wall |
| 10:03 | Build | House |
| 10:33 | Build | Barracks |
| 10:48 | Build | Palisade Wall |
| 11:05 | Age | Feudal Age |
| 11:19 | Build | Palisade Wall |
| 11:24 | Create | Villager (Male) |
| 11:24 | Create | Villager (Male) |
| 11:35 | Build | Mill |
| 12:10 | Build | House |
| 12:16 | Create | Villager (Male) |
| 12:19 | Create | Villager (Male) |
| 12:30 | Create | Villager (Male) |
| 12:46 | Build | Lumber Camp |
| 12:51 | Build | House |
| 12:53 | Build | House |
| 12:54 | Build | House |
| 12:58 | Create | Villager (Male) |
| 13:09 | Build | Farm |
| 13:35 | Build | Stone Wall |
| 13:43 | Create | Villager (Male) |
| 13:59 | Build | Stable |
| 14:04 | Create | Villager (Male) |
| 14:41 | Build | Stone Wall |
| 14:52 | Build | Stone Wall |
| 15:22 | Build | Archery Range |
| 15:26 | Research | Loom |
| 15:34 | Build | Farm |
| 15:36 | Build | Farm |
| 15:52 | Research | Double-Bit Axe |
| 16:03 | Build | Stone Wall |
| 16:23 | Research | Castle Age |
| 16:28 | Research | Horse Collar |
| 16:28 | Research | Horse Collar |
| 16:43 | Build | Mining Camp |
| 16:48 | Create | Villager (Male) |
| 16:55 | Research | Wheelbarrow |
| 17:06 | Build | Farm |
| 17:07 | Build | Farm |
| 17:13 | Build | Farm |
| 17:14 | Build | Farm |
| 17:29 | Build | House |
| 18:01 | Build | Stone Wall |
| 18:17 | Build | Stone Wall |
| 18:43 | Build | Stone Wall |
| 18:59 | Create | Villager (Male) |
| 19:00 | Create | Villager (Male) |
| 19:03 | Age | Castle Age |
| 19:19 | Build | Blacksmith |
| 19:43 | Build | Stone Wall |
| 20:07 | Build | Siege Workshop |
| 20:24 | Build | Stone Wall |
| 20:36 | Build | Monastery |
| 20:39 | Create | Villager (Male) |
| 20:56 | Create | Mangonel |
| 20:58 | Create | Mangonel |
| 21:00 | Create | Villager (Male) |
| 21:00 | Create | Villager (Male) |
| 21:03 | Research | Gold Mining |
| 21:35 | Build | Stone Wall |
| 21:42 | Create | Monk |
| 21:45 | Create | Villager (Male) |
| 21:52 | Research | Bow Saw |
| 21:58 | Build | Town Center |
| 22:36 | Build | Mining Camp |
| 23:03 | Create | Villager (Male) |
| 23:04 | Create | Villager (Male) |
| 23:04 | Create | Villager (Male) |
| 23:05 | Create | Villager (Male) |
| 23:05 | Create | Villager (Male) |
| 23:07 | Create | Villager (Male) |
| 23:08 | Create | Villager (Male) |
| 23:09 | Create | Villager (Male) |
| 23:14 | Build | Farm |
| 23:15 | Build | Farm |
| 23:16 | Build | Farm |
| 23:18 | Build | Farm |
| 23:20 | Build | Farm |
| 23:21 | Create | Villager (Male) |
| 23:41 | Research | Stone Mining |
| 24:19 | Build | Gate |
| 24:24 | Create | Villager (Male) |
| 24:25 | Create | Villager (Male) |
| 24:26 | Create | Villager (Male) |
| 24:36 | Build | Farm |
| 24:58 | Create | Villager (Male) |
| 25:01 | Create | Villager (Male) |
| 25:02 | Create | Villager (Male) |
| 25:07 | Build | Mill |
| 25:08 | Build | Farm |
| 25:09 | Build | Farm |
| 25:09 | Build | Farm |
| 25:11 | Build | Farm |
| 25:29 | Create | Villager (Male) |
| 25:31 | Create | Villager (Male) |
| 25:38 | Build | Farm |
| 25:39 | Build | Farm |
| 25:49 | Create | Camel Scout ×2 |
| 25:53 | Create | Villager (Male) |
| 26:03 | Build | House |
| 26:05 | Build | House |
| 26:06 | Build | House |
| 26:10 | Build | Farm |
| 26:13 | Create | Villager (Male) |
| 26:16 | Create | Villager (Male) |
| 27:05 | Create | Villager (Male) |
| 27:08 | Create | Villager (Male) |
| 27:10 | Create | Villager (Male) |
| 27:33 | Create | Camel Scout ×5 |
| 27:33 | Create | Camel Scout |
| 28:08 | Create | Villager (Male) |
| 28:08 | Create | Villager (Male) |
Build order — C3O2
First 150 of 616 actions detected
| 0:01 | Create | Villager (Male) |
| 0:01 | Create | Villager (Male) |
| 0:02 | Create | Villager (Male) |
| 0:03 | Build | House |
| 0:05 | Build | House |
| 0:06 | Create | Villager (Male) |
| 0:07 | Create | Villager (Male) |
| 1:46 | Create | Villager (Male) |
| 2:13 | Create | Villager (Male) |
| 2:28 | Build | House |
| 2:33 | Create | Villager (Male) |
| 3:04 | Build | Mill |
| 3:05 | Create | Villager (Male) |
| 3:05 | Create | Villager (Male) |
| 3:31 | Build | Lumber Camp |
| 3:33 | Create | Villager (Male) |
| 4:14 | Create | Villager (Male) |
| 4:15 | Create | Villager (Male) |
| 5:04 | Create | Villager (Male) |
| 5:05 | Create | Villager (Male) |
| 5:05 | Create | Villager (Male) |
| 5:41 | Create | Villager (Male) |
| 5:41 | Create | Villager (Male) |
| 6:08 | Create | Villager (Male) |
| 6:08 | Create | Villager (Male) |
| 6:23 | Build | House |
| 6:28 | Research | Loom |
| 6:29 | Create | Villager (Male) |
| 6:29 | Create | Villager (Male) |
| 7:21 | Create | Villager (Male) |
| 7:21 | Create | Villager (Male) |
| 7:22 | Create | Villager (Male) |
| 7:22 | Create | Villager (Male) |
| 7:22 | Create | Villager (Male) |
| 7:22 | Create | Villager (Male) |
| 7:32 | Build | Mill |
| 7:48 | Build | House |
| 8:22 | Create | Villager (Male) |
| 8:22 | Create | Villager (Male) |
| 8:30 | Create | Villager (Male) |
| 8:30 | Create | Villager (Male) |
| 8:46 | Create | Villager (Male) |
| 9:14 | Create | Villager (Male) |
| 9:40 | Create | Villager (Male) |
| 9:55 | Build | House |
| 10:00 | Research | Feudal Age |
| 10:19 | Create | Villager (Male) |
| 10:20 | Create | Villager (Male) |
| 10:20 | Create | Villager (Male) |
| 10:50 | Build | Lumber Camp |
| 12:08 | Build | Farm |
| 12:09 | Build | Farm |
| 12:09 | Build | Farm |
| 12:09 | Build | Farm |
| 12:09 | Build | Farm |
| 12:10 | Build | Farm |
| 12:10 | Build | Farm |
| 12:11 | Age | Feudal Age |
| 12:14 | Create | Villager (Male) |
| 12:15 | Create | Villager (Male) |
| 12:24 | Build | Barracks |
| 12:33 | Research | Horse Collar |
| 12:35 | Research | Double-Bit Axe |
| 12:57 | Build | Farm |
| 13:04 | Build | Farm |
| 13:04 | Build | Farm |
| 13:05 | Build | Farm |
| 13:05 | Build | Farm |
| 13:05 | Build | Farm |
| 13:05 | Build | Farm |
| 13:14 | Build | Farm |
| 13:23 | Build | Stable |
| 13:25 | Create | Villager (Male) |
| 13:25 | Create | Villager (Male) |
| 13:31 | Build | Farm |
| 13:31 | Build | Farm |
| 13:32 | Build | Farm |
| 13:32 | Build | Farm |
| 13:33 | Build | Farm |
| 13:33 | Build | Farm |
| 13:33 | Build | Farm |
| 13:36 | Create | Villager (Male) |
| 13:36 | Create | Villager (Male) |
| 13:55 | Build | House |
| 13:57 | Build | House |
| 14:01 | Build | House |
| 14:02 | Build | House |
| 14:10 | Create | Villager (Male) |
| 14:11 | Create | Villager (Male) |
| 14:11 | Create | Villager (Male) |
| 14:17 | Create | Scout Cavalry |
| 14:18 | Create | Scout Cavalry |
| 14:18 | Create | Scout Cavalry |
| 14:30 | Create | Scout Cavalry |
| 14:30 | Create | Scout Cavalry |
| 14:31 | Create | Scout Cavalry |
| 14:36 | Build | Farm |
| 14:36 | Build | Farm |
| 14:37 | Build | Farm |
| 14:37 | Build | Farm |
| 14:46 | Create | Villager (Male) |
| 14:52 | Research | Wheelbarrow |
| 14:53 | Create | Villager (Male) |
| 15:28 | Build | Mining Camp |
| 15:55 | Create | Villager (Male) |
| 15:55 | Create | Villager (Male) |
| 15:55 | Create | Villager (Male) |
| 15:57 | Create | Scout Cavalry |
| 15:57 | Create | Scout Cavalry |
| 16:02 | Create | Villager (Male) |
| 16:15 | Build | Farm |
| 16:15 | Build | Farm |
| 16:15 | Build | Farm |
| 16:15 | Build | Farm |
| 16:21 | Create | Villager (Male) |
| 16:23 | Create | Scout Cavalry |
| 16:34 | Build | House |
| 16:36 | Build | House |
| 16:36 | Build | House |
| 18:01 | Build | Blacksmith |
| 18:05 | Build | Market |
| 18:09 | Create | Villager (Male) |
| 18:10 | Create | Villager (Male) |
| 18:10 | Create | Villager (Male) |
| 18:24 | Build | Mining Camp |
| 18:34 | Create | Villager (Male) |
| 19:21 | Create | Villager (Male) |
| 19:35 | Research | Castle Age |
| 19:37 | Create | Villager (Male) |
| 19:37 | Create | Villager (Male) |
| 19:51 | Build | Farm |
| 19:51 | Build | Farm |
| 20:29 | Research | Stone Mining |
| 20:33 | Research | Gold Mining |
| 20:56 | Create | Villager (Male) |
| 20:56 | Create | Villager (Male) |
| 21:42 | Create | Villager (Male) |
| 22:13 | Age | Castle Age |
| 22:14 | Research | Bow Saw |
| 22:19 | Research | Heavy Plow |
| 22:21 | Create | Villager (Male) |
| 22:21 | Create | Villager (Male) |
| 22:22 | Create | Villager (Male) |
| 22:27 | Research | Hand Cart |
| 22:27 | Create | Villager (Male) |
| 22:28 | Create | Villager (Male) |
| 22:39 | Build | Town Center |
| 22:48 | Build | Monastery |
| 23:16 | Build | Stone Wall |
| 23:51 | Build | Mining Camp |
Match timeline
| 7:02 | HeisenbergSam · first_building Barracks |
| 7:08 | HeisenbergSam · wall_segment Palisade Wall x1 |
| 9:17 | WarLorD · wall_segment Palisade Wall x4 |
| 9:28 | WarLorD · wall_segment Palisade Wall x5 |
| 10:33 | WarLorD · first_building Barracks |
| 10:48 | WarLorD · wall_segment Palisade Wall x9 |
| 10:51 | GdR_TARABS · first_building Barracks |
| 11:05 | WarLorD · age_up feudal |
| 11:19 | WarLorD · wall_segment Palisade Wall x10 |
| 11:29 | GdR_TARABS · age_up feudal |
| 11:36 | GdR_TARABS · first_building Stable |
| 12:11 | C3O2 · age_up feudal |
| 12:24 | C3O2 · first_building Barracks |
| 12:34 | HeisenbergSam · age_up feudal |
| 12:40 | HeisenbergSam · first_building Archery Range |
| 13:23 | C3O2 · first_building Stable |
| 13:35 | WarLorD · wall_segment Stone Wall x5 |
| 13:49 | HeisenbergSam · wall_segment Stone Wall x5 |
| 13:59 | WarLorD · first_building Stable |
| 14:35 | HeisenbergSam · wall_segment Stone Wall x6 |
| 14:41 | WarLorD · wall_segment Stone Wall x1 |
| 14:51 | HeisenbergSam · wall_segment Stone Wall x10 |
| 14:52 | WarLorD · wall_segment Stone Wall x5 |
| 14:59 | HeisenbergSam · wall_segment Stone Wall x5 |
| 15:22 | WarLorD · first_building Archery Range |
| 16:03 | WarLorD · wall_segment Stone Wall x4 |
| 16:48 | HeisenbergSam · age_up castle |
| 18:01 | WarLorD · wall_segment Stone Wall x3 |
| 18:17 | WarLorD · wall_segment Stone Wall x3 |
| 18:43 | WarLorD · wall_segment Stone Wall x7 |
| 19:03 | WarLorD · age_up castle |
| 19:35 | GdR_TARABS · first_market_sell 100 wood |
| 19:43 | WarLorD · wall_segment Stone Wall x3 |
| 20:07 | WarLorD · first_building Siege Workshop |
| 20:24 | WarLorD · wall_segment Stone Wall x7 |
| 20:36 | WarLorD · first_building Monastery |
| 21:35 | WarLorD · wall_segment Stone Wall x4 |
| 22:13 | C3O2 · age_up castle |
| 22:30 | GdR_TARABS · age_up castle |
| 22:48 | C3O2 · first_building Monastery |
| 23:16 | C3O2 · wall_segment Stone Wall x19 |
| 24:38 | C3O2 · first_building Castle |
| 25:58 | GdR_TARABS · first_building Archery Range |
| 27:17 | C3O2 · first_market_buy 100 stone |
| 27:20 | HeisenbergSam · first_building Castle |
| 27:44 | HeisenbergSam · first_building Monastery |
| 27:58 | GdR_TARABS · first_market_buy 100 wood |
| 29:13 | WarLorD · first_building Castle |
| 30:53 | GdR_TARABS · first_building Monastery |
| 31:15 | HeisenbergSam · first_building Stable |
| 32:18 | C3O2 · age_up imperial |
| 35:25 | GdR_TARABS · age_up imperial |
| 38:51 | C3O2 · first_market_sell 500 wood |
| 38:59 | WarLorD · age_up imperial |
| 39:47 | HeisenbergSam · age_up imperial |
| 39:57 | GdR_TARABS · first_building Castle |
| 43:52 | WarLorD · first_market_sell 500 wood |
| 47:53 | GdR_TARABS · first_building Siege Workshop |
| 63:17 | HeisenbergSam · resign |
[ AI ANALYSIS · 1 CREDIT ]
What really happened in this match?
Wolo.gg analyzes every decision: build order, eco, micro, common mistakes by bracket. Personalized analysis on WhatsApp or Discord in 30 seconds.
Civ guide
Spanish
Map guide
Oasis
Perfil
HeisenbergSam